 Dungeon Crawl Stone Soup version 0.26-a0-664-gc8b27b8fc1 (webtiles) character file.

Game seed: 17036998484346206933

14 Decritt the Vexing (level 2, 0/23 HPs)
             Began as a Gnoll Arcane Marksman on Oct 13, 2020.
             Slain by an adder (5 damage)
             ... on level 2 of the Dungeon.
             The game lasted 00:04:00 (397 turns).

Decritt the Vexing (Gnoll Arcane Marksman)           Turns: 397, Time: 00:04:01

Health: 0/23       AC:  2    Str: 12    XL:     2   Next: 45%
Magic:  5/5        EV: 14    Int: 15    God:
Gold:   94         SH:  0    Dex: 15    Spells: 5/6 levels left

rFire    . . .     SeeInvis +   a - +0 hand crossbow
rCold    . . .     Faith    .   (no shield)
rNeg     . . .     Spirit   .   e - +0 robe
rPois    .         Reflect  .   (no helmet)
rElec    .         Harm     .   (no cloak)
rCorr    .         Rampage  .   (no gloves)
MR       .....                  (no boots)
Stlth    ++........             (no amulet)
HPRegen  0.07/turn              c - ring of see invisible
MPRegen  0.09/turn              (no ring)

@: lethally poisoned (0 -> -6)
A: distributed training, fangs 1, strong nose
a: no special abilities


You were on level 2 of the Dungeon.
You visited 1 branch of the dungeon, and saw 2 of its levels.

You collected 94 gold pieces.

Inventory:

Hand Weapons
 a - a +0 hand crossbow (weapon)
 j - a +0 spear
Armour
 e - a +0 robe (worn)
Jewellery
 c - a ring of see invisible (left hand)
Scrolls
 h - a scroll of fear {unknown}
 r - 3 scrolls of identify
Potions
 b - a potion of curing {unknown}
 f - a potion of berserk rage
 g - 2 potions of heal wounds {unknown}
 i - a potion of cancellation {unknown}


   Skills:
 + Level 2.5 Fighting
 + Level 0.4 Short Blades
 + Level 0.4 Long Blades
 + Level 0.4 Axes
 + Level 0.4 Maces & Flails
 + Level 0.4 Polearms
 + Level 0.4 Staves
 + Level 0.4 Slings
 + Level 0.4 Bows
 + Level 4.5 Crossbows
 + Level 0.4 Throwing
 + Level 0.4 Armour
 + Level 4.5 Dodging
 + Level 0.4 Stealth
 + Level 0.4 Shields
 + Level 0.4 Unarmed Combat
 + Level 2.7 Spellcasting
 + Level 0.2 Conjurations
 + Level 5.3 Hexes
 + Level 0.2 Summonings
 + Level 0.2 Necromancy
 + Level 0.2 Translocations
 + Level 0.2 Transmutations
 + Level 0.2 Fire Magic
 + Level 0.2 Ice Magic
 + Level 0.2 Air Magic
 + Level 0.2 Earth Magic
 + Level 0.2 Poison Magic
 + Level 0.5 Invocations
 + Level 0.4 Evocations


You had 5 spell levels left.
You knew the following spells:

 Your Spells              Type           Power        Failure   Level
a - Corona                Hex            ###....      2%          1

Your spell library contained the following spells:

 Spells                   Type           Power        Failure   Level
 Slow                     Hex            ###.....     3%          2
 Inner Flame              Hex/Fire       ##......     19%         3
 Portal Projectile        Hex/Tloc       ##....       19%         3
 Cause Fear               Hex            ###.......   22%         4
 Leda's Liquefaction      Hex/Erth       ##........   54%         4


Dungeon Overview and Level Annotations

Branches:
Dungeon (2/15)

Altars:


Innate Abilities, Weirdness & Mutations

Your experience applies equally to all skills.
You have very sharp teeth.
Your uncanny sense of smell can sniff out nearby items.


Message History

You are poisoned.
The adder poisons you!
You shoot a bolt. The bolt closely misses the adder.
You feel sick. The adder bites you.
You shoot a bolt. The bolt hits the adder!
The adder is almost dead.
The adder bites you.
* * * LOW HITPOINT WARNING * * *
The adder bites you.
* * * LOW HITPOINT WARNING * * *
You are lethally poisoned!
The adder poisons you!
You are too injured to fight recklessly!
You are too injured to fight recklessly!
Unknown command.
* * * LOW HITPOINT WARNING * * *
You feel sick.
* * * LOW HITPOINT WARNING * * *
You feel sick. The adder bites you.
You die...

. ##.####
...... #.#..
##... ... #.#
#@# #S# ##.#
#..# #.?(..#
.....(...#
.......((...#
.[..........#
$!(.........#


You could see an adder.

Vanquished Creatures
  2 bats (D:1)
  2 giant cockroaches
  2 goblins (D:1)
  2 hobgoblins (D:1)
  A ball python (D:1)
  2 kobolds (D:1)
  2 rats
13 creatures vanquished.

Notes
Turn   | Place    | Note
-------+----------+-------------------------------------------
     0 | D:1      | Decritt the Gnoll Arcane Marksman began the quest for the
                  | Orb.
     0 | D:1      | Reached XP level 1. HP: 17/17 MP: 4/4
   188 | D:1      | Reached XP level 2. HP: 23/23 MP: 5/5
   397 | D:2      | Slain by an adder

Illustrated notes

Levels and vault maps discovered:
D:1:      psy_arrival_terrarium, layout_rooms
D:2:      layout_rooms

Action                   || total
-------------------------++-------
 Fire: Hand crossbow     ||    35
  Use: Scroll            ||     1
Dodge: Dodged            ||     3

Table legend: (Time is in decaauts)
 A = Elapsed time spent in this place.
 B = Non-inter-level travel time spent in this place.
 C = Inter-level travel time spent in this place.
 D = Time resting spent in this place.
 E = Time spent auto-exploring this place.
 F = Levels seen in this place.
 G = Mean time per level.
                   A        B        C        D        E       F      G
               +--------+--------+--------+--------+--------+-----+--------+
         Total |    403 |    398 |      5 |      0 |    295 |   2 |  201.5 |
       Dungeon |    403 |    398 |      5 |      0 |    295 |   2 |  201.5 |
               +--------+--------+--------+--------+--------+-----+--------+

Top non-repeatable levels by time:
     D:1: 381 daAuts
     D:2: 21 daAuts
